AoeStats
← CNZS_98T

MegaRandom

508492293Analyzed
4v4 RM · 9d ago on Sep 22, 2026· 57m 54s· 8 players
Game mode
Random Map
Map size
Large (8 player)
Population
200
Speed
Normal
Resources
Standard
Victory
Conquest
Starting age
Dark Age
Ending age
Imperial Age
RankedLock teamsTeams togetherTeam positionsShared explorationLock speedFull tech treeHidden civsTurbo modeCheats
Victory
Defeat
🇳🇱 Random · Netherlands
1977
+11
🇨🇳 Random · China
1971
+11
🇨🇳 Byzantines · China
1953
+13
🇮🇳 Random · India
1952
+12
🇹🇷 Koreans · Türkiye
2088
-20
🇹🇷 Ethiopians · Türkiye
1931
-13
🇹🇷 Random · Türkiye
1730
-7
🇹🇷 Hindustanis · Türkiye
1724
-7
Ubetnir
0:30 Loom
7:36 Feudal Age
8:27 Double-Bit Axe
11:49 Fletching
17:12 Town Watch
20:49 Castle Age
19:12 Gold Mining
19:34 Stone Mining
22:26 Bow Saw
27:50 Wheelbarrow
28:46 Ballistics
29:18 Bodkin Arrow
38:04 Imperial Age
35:44 Horse Collar
38:16 Gold Shaft Mining
38:57 Hand Cart
39:53 Chemistry
40:34 Bracer
41:57 Conscription
41:37 Elite Skirmisher
44:40 Two-Man Saw
44:27 Guilds
45:04 Masonry
44:35 Treadmill Crane
45:08 Masonry
45:34 Stone Shaft Mining
45:00 Town Patrol
45:33 Caravan
45:41 Arrowslits
46:05 Eupseong
45:54 Heavy Rocket Cart
49:00 Architecture
48:35 Siege Engineers
55:30 Heavy Plow
Honda
0:31 Loom
8:13 Feudal Age
8:42 Double-Bit Axe
11:14 Fletching
20:43 Castle Age
19:32 Padded Archer Armor
19:16 Horse Collar
19:46 Gold Mining
20:51 Crossbowman
21:26 Bodkin Arrow
22:37 Leather Archer Armor
23:08 Ballistics
33:39 Imperial Age
33:09 Thumb Ring
33:42 Arbalester
34:22 Bracer
35:24 Chemistry
37:17 Ring Archer Armor
39:52 Bow Saw
42:49 Stone Mining
48:42 Conscription
51:18 Caravan
53:14 Coinage
Jugband
0:32 Loom
8:06 Feudal Age
8:44 Double-Bit Axe
9:12 Horse Collar
12:07 Wheelbarrow
18:38 Castle Age
17:33 Scale Barding Armor
17:39 Bloodlines
19:08 Forging
19:33 Bow Saw
19:59 Husbandry
21:05 Light Cavalry
27:23 Hand Cart
27:23 Hand Cart
33:17 Imperial Age
30:48 Heavy Plow
32:26 Gold Mining
34:25 Heavy Camel Rider
35:27 Chain Barding Armor
34:38 Siege Elephant
36:51 Plate Barding Armor
39:17 Iron Casting
38:42 Imperial Camel Rider
44:09 Blast Furnace
45:15 Hussar
49:21 Conscription
50:01 Coinage
50:05 Grand Trunk Road
50:19 Caravan
52:02 Banking
HunTerZ
0:32 Loom
8:26 Feudal Age
9:00 Double-Bit Axe
9:43 Horse Collar
11:33 Forging
19:37 Castle Age
18:47 Scale Barding Armor
19:57 Bloodlines
25:47 Wheelbarrow
27:57 Chain Barding Armor
29:43 Iron Casting
29:39 Husbandry
35:21 Gold Mining
36:15 Town Watch
39:40 Imperial Age
36:53 Vendel Legacy
39:19 Stone Mining
40:05 Hand Cart
39:44 Elite Jarl
40:45 Conscription
40:06 Gothikon
42:28 Blast Furnace
43:12 Coinage
44:22 Banking
45:45 Plate Barding Armor
48:05 Scale Mail Armor
48:29 Light Cavalry
50:12 Squires
51:06 Caravan
52:45 Hussar
CNZS_98T
0:32 Loom
9:18 Feudal Age
10:17 Double-Bit Axe
12:50 Castle Age
10:53 Horse Collar
14:47 Bow Saw
16:28 Fervor
22:26 Wheelbarrow
21:54 Heavy Plow
23:17 Stone Mining
23:17 Gold Mining
25:02 Hand Cart
25:42 Scale Barding Armor
26:54 Chain Barding Armor
26:54 Bloodlines
26:56 Town Watch
27:19 Husbandry
28:56 Forging
30:12 Iron Casting
29:59 Vendel Legacy
31:53 Ballistics
32:34 Fletching
37:57 Imperial Age
39:33 Plate Barding Armor
40:00 Blast Furnace
38:21 Elite Jarl
39:30 Conscription
38:55 Light Cavalry
39:33 Bodkin Arrow
40:30 Hussar
42:47 Bracer
45:28 Padded Archer Armor
48:04 Crop Rotation
48:35 Two-Man Saw
48:41 Two-Man Saw
49:08 Chemistry
48:18 Masonry
50:20 Caravan
51:08 Coinage
50:33 Gothikon
52:51 Architecture
52:33 Siege Engineers
52:33 Capped Ram
53:34 Siege Ram
54:34 Leather Archer Armor
DK2
0:37 Loom
9:10 Feudal Age
13:04 Castle Age
25:46 Scale Barding Armor
25:51 Forging
25:58 Horse Collar
26:35 Double-Bit Axe
30:32 Chain Barding Armor
30:35 Bow Saw
31:51 Iron Casting
32:22 Heavy Plow
35:54 Imperial Age
34:18 Husbandry
34:28 Bloodlines
34:43 Gold Mining
34:43 Stone Mining
36:11 Elite Jarl
37:53 Blast Furnace
37:53 Conscription
40:04 Plate Barding Armor
41:41 Stone Mining
44:34 Wheelbarrow
43:45 Town Watch
45:22 Guilds
51:15 Caravan
52:26 Crop Rotation
56:04 Treadmill Crane
56:17 Fletching
57:03 Capped Ram
_LY_Yo
0:33 Loom
8:02 Feudal Age
8:37 Double-Bit Axe
10:08 Horse Collar
10:25 Fletching
12:18 Padded Archer Armor
23:24 Castle Age
24:33 Bow Saw
24:32 Bodkin Arrow
25:20 Bow Saw
25:47 Leather Archer Armor
24:58 Elite Skirmisher
26:30 Wheelbarrow
28:07 Heavy Plow
28:42 Ballistics
28:10 Treadmill Crane
31:07 Hand Cart
37:44 Imperial Age
35:30 Gold Mining
35:30 Stone Mining
36:31 Scale Mail Armor
36:41 Forging
36:32 Squires
36:18 Arson
37:35 Chain Mail Armor
37:51 Elite Varangian Guard
39:30 Conscription
39:43 Plate Mail Armor
39:41 Logistica
41:02 Iron Casting
43:05 Two-Man Saw
42:27 Bracer
42:57 Ring Archer Armor
43:32 Chemistry
45:05 Ring Archer Armor
44:37 Pikeman
45:11 Pikeman
46:10 Thumb Ring
46:09 Guard Tower
46:05 Arrowslits
47:40 Hoardings
46:54 Halberdier
48:34 Keep
50:22 Crossbowman
51:51 Caravan
52:04 Guilds
53:39 Coinage
53:17 Arbalester
53:44 Gambesons
55:21 Banking
55:07 Murder Holes
54:49 Capped Ram
55:51 Siege Ram
_LY_lyx
0:34 Loom
8:08 Feudal Age
12:15 Castle Age
10:55 Double-Bit Axe
13:56 Scale Mail Armor
15:38 Fervor
16:34 Squires
22:27 Chain Mail Armor
29:36 Wheelbarrow
30:39 Horse Collar
35:05 Bow Saw
41:52 Imperial Age
41:46 Hand Cart
41:32 Heavy Plow
42:34 Forging
43:26 Illumination
42:28 Elite Varangian Guard
42:54 Arson
43:40 Plate Mail Armor
44:35 Iron Casting
46:41 Blast Furnace
45:57 Gambesons
48:38 Capped Ram
51:16 Siege Ram
53:57 Town Watch
54:33 Gothikon
55:33 Conscription
57:22 Coinage
Connection lost

Rejoining the realm…

Still unreachable

The connection could not be restored.

Session expired

The server has moved on; the page needs a fresh start.